 Dungeon Crawl Stone Soup version 0.22.1-1-ga44c0e56f4 (webtiles) character file.

16 OdinFK the Stinger (level 2, 0/11 HPs)
             Began as a Felid Venom Mage on Oct 11, 2018.
             Slain by an ooze (4 damage)
             ... on level 1 of the Dungeon.
             The game lasted 00:02:26 (616 turns).

OdinFK the Stinger (Felid Venom Mage)                Turns: 616, Time: 00:02:27

Health: 0/11       AC:  1    Str:  4    XL:     2   Next: 37%
Magic:  4/6        EV: 18    Int: 16    God:
Gold:   40         SH:  0    Dex: 16    Spells: 2/5 levels left
                                        Lives:  0   Deaths: 0

rFire    . . .     SeeInvis +   (weapon unavailable)
rCold    . . .     Gourm    .   (shield unavailable)
rNeg     . . .     Faith    .   (armour unavailable)
rPois    .         Spirit   .   (helmet unavailable)
rElec    .         Reflect  .   (cloak unavailable)
rCorr    .         Harm     .   (gloves unavailable)
MR       .....                  (boots unavailable)
Stlth    +++.......             (no amulet)
HPRegen  0.03/turn              (no ring)
MPRegen  0.10/turn              (no ring)

@: very slightly contaminated, quick
A: very small, no armour, no weapons or thrown items, stealth, claws 1, fangs 3,
see invisible, carnivore, speed 1, shaggy fur 1, slow metabolism 1, sharp paws
a: no special abilities


You were on level 1 of the Dungeon.
You were completely stuffed.

You visited 1 branch of the dungeon, and saw 1 of its levels.

You collected 40 gold pieces.

Inventory:

Scrolls
 a - a scroll of immolation {unknown}
 d - a scroll of amnesia {unknown}
Potions
 c - a potion of haste {unknown}
Comestibles
 b - 2 rations


   Skills:
 + Level 2.7 Dodging
 + Level 2.9 Stealth
 + Level 2.3 Spellcasting
 + Level 1.0 Conjurations
 + Level 3.0 Poison Magic


You had 2 spell levels left.
You knew the following spells:

 Your Spells              Type           Power        Failure   Level  Hunger
a - Sting                 Conj/Pois      #...         9%          1    #......
b - Poisonous Vapours     Pois/Air       #.....       16%         2    ###....

Your spell library contained the following spells:

 Spells                   Type           Power        Failure   Level  Hunger
 Mephitic Cloud           Conj/Pois/Air  #.......     34%         3    ###....
 Olgreb's Toxic Radiance  Pois           ##......     50%         4    #####..
 Venom Bolt               Conj/Pois      #.........   94%         5    ######.


Dungeon Overview and Level Annotations

Branches:
Dungeon (1/15)

Altars:


Innate Abilities, Weirdness & Mutations

You cannot wear armour.
You are incapable of wielding weapons or throwing items.
Your paws allow you to move quietly. (Stealth)
You have sharp claws.
You have razor-sharp teeth.
You have supernaturally acute eyesight. (SInv)
You are carnivorous and can eat meat at any time.
You cover ground quickly.
You are covered in fur. (AC +1)
You have a slow metabolism.
Your sharp claws are effective at attacking unaware monsters.


Message History

The ooze completely misses you.
You completely miss the ooze.
The ooze is almost dead.
The ooze misses you.
You completely miss the ooze.
The ooze is almost dead.
The ooze completely misses you.
You scratch the ooze but do no damage.
The ooze is almost dead.
The ooze hits you.
You scratch the ooze but do no damage.
The ooze is almost dead.
The ooze hits you.
You scratch the ooze but do no damage.
The ooze is almost dead.
The ooze hits you.
You scratch the ooze but do no damage.
The ooze is almost dead.
The ooze hits you.
You die...

#.# #.############ #.#
#. #............# #.#
#. ############.####
... #. #.......... ###
##.# ............ ..#
##...## #.#.####.###.
#.# #.#.....## #.#.#
#..... #.# #........#
#.#.# #####. #.#
#...J@.# #.#.# #. #.#
##...#.# #.#.########.
#.# ##.##.#
#.#.##..>.... ..#
..#####.###.#(##.#####.
..#######
..............#...####.
........#
..#####.###.>..........
..#####.# #.#
#####...##### .## #.#
#.# ##...# # .# #.# #.#
###.# #


You could see an ooze.

Vanquished Creatures
  A leopard gecko (D:1)
  2 giant cockroaches (D:1)
  4 goblins (D:1)
  A hobgoblin (D:1)
  2 kobolds (D:1)
  A bat (D:1)
  2 frilled lizards (D:1)
13 creatures vanquished.

Notes
Turn   | Place    | Note
-------+----------+-------------------------------------------
     0 | D:1      | OdinFK the Felid Venom Mage began the quest for the Orb.
     0 | D:1      | Reached XP level 1. HP: 7/7 MP: 4/4
   198 | D:1      | Reached XP level 2. HP: 11/11 MP: 0/6
   202 | D:1      | Learned a level 2 spell: Poisonous Vapours
   260 | D:1      | Reached skill level 1 in Conjurations
   349 | D:1      | Reached skill level 3 in Poison Magic
   616 | D:1      | Slain by an ooze

Skill      XL: |  1  2 |
---------------+-------+-----
Conjurations   | 1 |  1.0
Poison Magic   | 3 |  3.0
Dodging        | |  2.7
Stealth        | |  2.9
Spellcasting   | |  2.3

Action                   || total
-------------------------++-------
Melee: Unarmed           ||    13
       Bite              ||     1
 Cast: Sting             ||    13
       Poisonous Vapours ||     7
  Eat: Chunk             ||     7
Dodge: Dodged            ||    10
